 Dungeon Crawl Stone Soup version 0.18.1-8-gdd0e5ea (webtiles) character file.

135 Metae the Digger (level 4, 0/35 HPs)
             Began as a Draconian Earth Elementalist on June 7, 2016.
             Killed by divine providence
             ... invoked by an orc priest
              (13 damage)
             ... on level 3 of the Dungeon.
             The game lasted 00:24:40 (2861 turns).

Metae the Digger (Draconian Earth Elementalist)     Turns: 2861, Time: 00:24:41

Health: 0/35       AC:  6    Str: 10    XL:     4   Next: 96%
Magic:  2/17       EV: 12    Int: 16    God:
Gold:   105        SH:  0    Dex: 12    Spells: 2 memorised, 5 levels left

rFire  . . .     SeeInvis .     e - +0 spear
rCold  . . .     Gourm    .     (armour unavailable)
rNeg   . . .     Faith    .     (no shield)
rPois  .         Spirit   .     (helmet restricted)
rElec  .         Dismiss  .     m - +0 cloak
rCorr  .         Reflect  .     (no gloves)
SustAt .         Harm     .     (no boots)
MR     .....                    n - amulet of rage
Stlth  ++........               (no ring)
                                f - ring of magical power (curse)

@: very slightly contaminated, not resistant to hostile enchantments, unstealthy
A: unfitting armour, cold-blooded, AC +5
a: Evoke Berserk Rage


You were on level 3 of the Dungeon.
You were not hungry.

You visited 1 branch of the dungeon, and saw 3 of its levels.

You collected 105 gold pieces.

Inventory:

Hand Weapons
 e - a +0 spear (weapon)
Armour
 m - a +0 cloak (worn)
Jewellery
 a - an uncursed ring of magical power
 f - a cursed ring of magical power (left hand)
 n - an amulet of rage (around neck)
 o - an uncursed ring of wizardry {unknown}
 p - a +6 ring of dexterity {unknown}
 s - an uncursed amulet of the gourmand {unknown}
Scrolls
 c - a scroll of fear {unknown}
 g - a scroll of enchant armour {unknown}
 j - a scroll of noise {unknown}
 q - a scroll of identify {unknown}
 r - a scroll of magic mapping {unknown}
 t - a scroll of remove curse {unknown}
Potions
 d - a potion of cancellation {unknown}
 h - a potion of heal wounds {unknown}
 i - a potion of haste {unknown}
 k - a potion of curing {unknown}
 u - a potion of flight {unknown}
Books
 b - a book of Geomancy

   Spells                             Type                      Level
   a - Sandblast                      Earth                        1
   b - Passwall                       Transmutation/Earth          2
   c - Stone Arrow                    Conjuration/Earth            3
   d - Petrify                        Transmutation/Earth          4
   e - Lee's Rapid Deconstruction     Earth                        5
Comestibles
 l - 2 fruits
 v - a meat ration
 w - 2 chunks of flesh


   Skills:
 + Level 1.5 Fighting
 + Level 2.3 Dodging
 + Level 2.3 Stealth
 * Level 3.0 Spellcasting
   Level 1.0 Transmutations
 + Level 3.8 Earth Magic
 + Level 1.0 Evocations


You had 5 spell levels left.
You knew the following spells:

 Your Spells              Type           Power        Failure   Level  Hunger
a - Sandblast             Erth           ##....       4%          1    #......
b - Stone Arrow           Conj/Erth      #.....       28%         3    ###....


Dungeon Overview and Level Annotations

Branches:
Dungeon (3/15)

Altars:


Innate Abilities, Weirdness & Mutations

Your plain brown scales are hard (AC +5).
Your body does not fit into most forms of armour.
You are cold-blooded and may be slowed by cold attacks.


Message History

The stone arrow hits the orc.
You kill the orc!
Casting: Stone Arrow
Confirm with . or Enter, or press ? or * to list all spells.
Aiming: Stone Arrow
Press: ? - help, Shift-Dir - straight line, f - orc priest
Aim: an orc priest, wielding a hand axe You miscast Stone Arrow.
You are very lightly contaminated with residual magic.
Nothing appears to happen.
Casting: Stone Arrow
Confirm with . or Enter, or press ? or * to list all spells.
You don't have enough magic to cast that spell.
Unknown command.
You see here 2 tomahawks.
The orc priest calls down the wrath of Beogh upon you.
Beogh smites you!
The orc priest calls down the wrath of Beogh upon you.
Beogh smites you!
You die...

........... . ###
.........# #.#..
........# #.#.####
........# #......#
........# #.#....#
###%...## #......#
###))...## ##......#
#...))#..#
###..#....#
..##.....###
#..@...)..# ##
##)#....###..###.<..#
#
#(#.##.o....##..####
.####.(............##
...........>..#.####
......##.####...#
....#รท##.## ##..#
..........#####.##
###...##.........#


You could see an orc priest.

Vanquished Creatures
  An orc wizard (D:3)
  Jessica (D:3)
  An adder (D:2)
  2 worms (D:2)
  2 dart slugs
  5 orcs (D:3)
  2 ball pythons (D:2)
  A giant cockroach (D:2)
  6 goblins
  6 hobgoblins
  6 jackals (D:1)
  A quokka (D:2)
  7 bats
  A giant newt (D:1)
  11 kobolds
  4 rats
57 creatures vanquished.

Notes
Turn   | Place    | Note
--------------------------------------------------------------
     0 | D:1      | Metae the Draconian Earth Elementalist began the quest for the Orb.
     0 | D:1      | Reached XP level 1. HP: 14/14 MP: 3/3
   509 | D:1      | Reached XP level 2. HP: 19/20 MP: 5/5
   985 | D:1      | Reached XP level 3. HP: 22/26 MP: 6/6
   990 | D:1      | Learned a level 3 spell: Stone Arrow
  1664 | D:2      | Reached skill level 1 in Fighting
  2108 | D:2      | Reached XP level 4. HP: 28/35 MP: 8/8
  2348 | D:3      | Noticed Jessica
  2351 | D:3      | Killed Jessica
  2845 | D:3      | Reached skill level 1 in Evocations
  2861 | D:3      | Killed from afar by an orc priest

Skill      XL: |  1  2  3  4 |
---------------+-------------+-----
Dodging        | 2 |  2.3
Stealth        | 2 |  2.3
Fighting       | 1 |  1.5
Spellcasting   | 3 |  3.0
Evocations     | 1 |  1.0
Transmutations | |  1.0
Earth Magic    | |  3.8

Action                   |  1- 3 |  4- 6 || total
-------------------------+-------+-------++-------
Melee: Spear             |    12 |     2 ||    14
 Cast: Sandblast         |    92 |    17 ||   109
       Stone Arrow       |     6 |    12 ||    18
 Abil: Evoke Berserk Rag |     1 |       ||     1
  Eat: Chunk             |     2 |     2 ||     4
       Bread ration      |     1 |       ||     1
       Fruit             |       |     2 ||     2
Armor: Skin              |    35 |     7 ||    42
Dodge: Dodged            |    56 |    21 ||    77
